 Dungeon Crawl Stone Soup version 0.31.0-32-g396128a36d (webtiles) character file.

Game seed: 1725631378171519547

112 spaghetti the Grave Robber (level 4, 0/21 HPs)
             Began as a Vine Stalker Necromancer on Mar 11, 2024.
             Slain by a gnoll bouda
             ... wielding a +0 whip
              (7 damage)
             ... on level 4 of the Dungeon.
             The game lasted 00:04:08 (2733 turns).

spaghetti the Grave Robber (VSNe)                   Turns: 2733, Time: 00:04:09

Health: 0/21       AC:  3    Str: 10    XL:     4   Next: 95%
Magic:  0/8        EV: 12    Int: 21    God:
Gold:   55         SH:  0    Dex: 13    Spells: 6/7 levels left

rFire   . . .        l - +0 hand axe
rCold   . . .        (no shield)
rNeg    . . .        a - +0 robe
rPois   .            (no helmet)
rElec   .            (no cloak)
rCorr   .            (no gloves)
SInv    .            i - +0 pair of boots
Will    .....        (no amulet)
Stlth   ++           (no ring)
HPRegen 1.03/turn    (no ring)
MPRegen 0.11/turn

%: guardian spirit
@: no status effects
A: fangs 2, regeneration 1, magic shield, antimagic bite, no potion heal 2,
clever 1, inability to read after injury 1
a: no special abilities


You were on level 4 of the Dungeon.
You visited 1 branch of the dungeon, and saw 4 of its levels.

You collected 115 gold pieces.
You spent 60 gold pieces at shops.

Inventory:

Hand Weapons
 h - a +0 whip
 l - a +0 hand axe (weapon)
Armour
 a - a +0 robe (worn)
 i - a +0 pair of boots (worn)
Scrolls
 f - a scroll of enchant weapon {unknown}
 g - 2 scrolls of vulnerability
 j - 2 scrolls of immolation
 k - a scroll of enchant armour
 p - a scroll of identify
Potions
 b - a potion of magic
 c - a potion of berserk rage
 d - a potion of resistance
 e - 2 potions of heal wounds {unknown}
 m - a potion of curing {unknown}
 n - a potion of brilliance {unknown}
 o - a potion of haste {unknown}


   Skills:
 - Level 1.5 Dodging
 - Level 2.4 Stealth
 + Level 2.3 Spellcasting
 - Level 6.0 Necromancy


You had 6 spell levels left.
You knew the following spells:

 Your Spells              Type           Power      Damage    Failure   Level
a - Necrotise             Necr           100%       1d9       1%          1

Your spell library contained the following spells:

 Spells                   Type           Power      Damage    Failure   Level
 Vampiric Draining        Necr           27%        2d7       3%          3
 Animate Dead             Necr           27%        N/A       12%         4
 Freeze                   Ice            8%         1d3       14%         1
 Curse of Agony           Necr           27%        N/A       32%         5
 Frozen Ramparts          Ice            4%         1d1       41%         3
 Hailstorm                Conj/Ice       2%         3d5       41%         3


Dungeon Overview and Level Annotations

Branches:
Dungeon (4/15)
 Temple: D:4-7

Altars:
Cheibriados
Xom

Shops:
D:2 ?

Annotations:
D:3 3 runed translucent doors, seawaffle's ghost, weakling VSBe


Innate Abilities, Weirdness & Mutations

You have extremely sharp teeth.
Your natural rate of healing is unusually fast.
When hurt, damage is shared between your health and your magic reserves.
Your bite disrupts and absorbs the magic of your enemies.
Potions cannot restore your health.
Your mind is acute. (Int +4, Str/Dex -1)
You occasionally lose the ability to read scrolls when taking damage.


Message History

There are monsters nearby!
Casting: Necrotise (safe; 1% risk of failure)
Confirm with . or Enter, or press ? or * to list all spells.
Aiming: Necrotise (safe; 1% risk of failure)
Press: ? - help, Shift-Dir - straight line, f - giant cockroach
Aim: a giant cockroach (chance to affect: 93%)
The giant cockroach writhes in agony.
A gnoll comes into view. It is wielding a +0 halberd.
Casting: Necrotise (safe; 1% risk of failure)
Confirm with . or Enter, or press ? or * to list all spells.
Aiming: Necrotise (safe; 1% risk of failure)
Press: ? - help, Shift-Dir - straight line, f/p - giant cockroach
Aim: a giant cockroach (almost dead, chance to affect: 93%)
The giant cockroach writhes in agony.
You kill the giant cockroach!
The gnoll hits you from afar with a +0 spear.
Casting: Necrotise (safe; 1% risk of failure)
Confirm with . or Enter, or press ? or * to list all spells.
Aiming: Necrotise (safe; 1% risk of failure)
Press: ? - help, Shift-Dir - straight line, f - gnoll
Aim: a gnoll, wielding a +0 spear (chance to affect: 88%)
The gnoll writhes in agony!
The gnoll hits you but does no damage.
Casting: Necrotise (safe; 1% risk of failure)
Confirm with . or Enter, or press ? or * to list all spells.
Aiming: Necrotise (safe; 1% risk of failure)
Press: ? - help, Shift-Dir - straight line, f/p - gnoll
Aim: a gnoll, wielding a +0 spear (heavily wounded, chance to affect: 88%)
The gnoll bouda writhes in agony!
The gnoll bouda hits you with a +0 whip.
The gnoll hits you from afar with a +0 spear!
Casting: Necrotise (safe; 1% risk of failure)
Confirm with . or Enter, or press ? or * to list all spells.
Aiming: Necrotise (safe; 1% risk of failure)
Press: ? - help, Shift-Dir - straight line, f/p - gnoll
Aim: a gnoll, wielding a +0 spear (heavily wounded, chance to affect: 88%)
The gnoll bouda writhes in agony.
The gnoll hits you from afar with a +0 halberd.
The gnoll hits you from afar with a +0 spear.
The gnoll bouda hits you with a +0 whip!
You die...

#.# #.# #.#
#.# #.# #.#
###.###.#
......†@#
###.##g..#
.ggg...
#........#
..........#
...........#
.####.....##
##)....


You could see a gnoll bouda and 3 gnolls.

Vanquished Creatures
  5 adders
  3 dart slugs
  2 ribbon worms (D:2)
  An orc (D:3)
  5 ball pythons
  3 endoplasms
  4 giant cockroaches
  4 goblins
  4 hobgoblins
  5 jackals
  2 quokkas
  5 bats
  3 frilled lizards
  3 kobolds (D:3)
  2 rats
  A butterfly (D:3)
52 creatures vanquished.

Vanquished Creatures (collateral kills)
  A kobold (D:1)
  2 frilled lizards (D:1)
3 creatures vanquished.

Grand Total: 55 creatures vanquished

Notes
Turn   | Place    | Note
-------+----------+-------------------------------------------
     0 | D:1      | spaghetti the Vine Stalker Necromancer began the quest for
                  | the Orb.
     0 | D:1      | Reached XP level 1. HP: 9/9 MP: 4/4
   169 | D:1      | Reached XP level 2. HP: 13/13 MP: 1/6
   756 | D:2      | Reached XP level 3. HP: 16/16 MP: 5/7
   951 | D:2      | Reached skill level 5 in Necromancy
  1214 | D:2      | Found Cegintem's Magic Scroll Shoppe.
  1241 | D:2      | Bought a scroll of identify for 20 gold pieces
  1244 | D:2      | Bought a scroll of identify for 20 gold pieces
  1244 | D:2      | Bought a scroll of identify for 20 gold pieces
  1246 | D:2      | Gained mutation: You have a pair of small horns on your
                  | head. [potion of mutation]
  1246 | D:2      | Gained mutation: You are vulnerable to cold. (rC-) [potion
                  | of mutation]
  1247 | D:2      | Lost mutation: You have a pair of small horns on your head.
                  | [potion of mutation]
  1247 | D:2      | Lost mutation: You are vulnerable to cold. (rC-) [potion of
                  | mutation]
  1247 | D:2      | Gained mutation: You occasionally lose the ability to read
                  | scrolls when taking damage. [potion of mutation]
  1247 | D:2      | Gained mutation: Your mind is acute. (Int +4, Str/Dex -1)
                  | [potion of mutation]
  1313 | D:2      | Reached XP level 4. HP: 21/21 MP: 0/8
  1871 | D:3      | Noticed an ogre
  1871 | D:3      | Noticed seawaffle's ghost (weakling VSBe)
  1875 | D:3      | Found a runed translucent gate.
  1875 | D:3      | Found a runed translucent gate.
  1875 | D:3      | Found a runed translucent gate.
  1943 | D:3      | Found a shimmering altar of Xom.
  2223 | D:3      | Reached skill level 6 in Necromancy
  2709 | D:3      | Found a snail-covered altar of Cheibriados.
  2733 | D:4      | Slain by a gnoll bouda

Illustrated notes

Levels and vault maps discovered:
D:1:      denvon_arrival_planthouse, layout_rooms, amethyst_killhole,
          minmay_pentomino_v2
D:2:      layout_basic, serial_shops, shop_fountains
D:3:      layout_basic, xom_butterflies, cheibrodos_worm_habitat,
          gammafunk_ghost_split
D:4:      layout_loops_ring, nicolae_kikubaaqudgha_miasma_corner,
          temple_hall_moat, dk_noncrumbling_3, hangedman_decor_growths

Skill      XL: |  1  2  3  4 |
---------------+-------------+-----
Necromancy     | 5 6 |  6.0
Dodging        | |  1.5
Stealth        | |  2.4
Spellcasting   | |  2.3

Action                     |  1- 3 |  4- 6 || total
---------------------------+-------+-------++-------
  Melee: Unarmed           |     7 |       ||     7
         Bite              |     1 |     1 ||     2
         Hand axe          |     1 |     5 ||     6
   Cast: Necrotise         |    55 |    40 ||    95
    Use: Scroll            |     5 |     1 ||     6
         Potion            |     2 |       ||     2
 Armour: Robe              |    16 |     9 ||    25
  Dodge: Dodged            |    10 |     6 ||    16
